Map: Abiogenesis LE

Players

unhedged - Winner!

  • Race: Zerg Zerg
  • League: Diamond
  • Spawn Location: 11:00

Cheater 1 (Vision)

  • Race: Protoss Protoss
  • Spawn Location: 5:00

VOD

Have the link to the VOD?

Description

Time

  • Played on: April 8, 2018, 9:03 p.m.
  • Length: 3:46
Show
View Real Time Build Order
Export as new Build Order

unhedged Zerg - Winner!

Build Orders: Pool Only, Ravager All-In 

Get SALT Encoding   

  12  0:01  Drone  
  13  0:23  Spawning Pool  
  13  0:25  Extractor  
  11  0:29  Drone  
  11  0:34  Drone  
  13  0:43  Overlord  
  13  0:59  Drone  
  14  1:05  Drone  
  15  1:11  Roach Warren  
  15  1:14  Extractor  
  15  1:18  Drone  
  14  1:52  Roach x3  
  20  2:03  Overlord  
  20  2:13  Spore Crawler  
  20  2:14  Ravager  
  20  2:15  Ravager x2  
  23  2:23  Roach  
  27  2:30  Roach  
  27  2:36  Roach  
  29  2:46  Ravager  
  29  2:50  Overlord  
  30  3:13  Roach x2  
  30  3:15  Ravager  
  35  3:25  Roach  
  37  3:32  Ravager  
Show
View Real Time Build Order
Export as new Build Order

Cheater 1 (Vision) Protoss 

Build Orders:  

Get SALT Encoding   

  12  0:00  Probe  
  13  0:13  Probe  
  14  0:19  Pylon  
  14  0:25  Probe  
  15  0:33  Probe  
  15  0:39  Gateway  
  15  0:41  Probe  
  16  0:48  Assimilator  
  17  0:50  Probe  
  18  0:58  Probe  
  18  1:01  Pylon  
  19  1:07  Probe  
  20  1:18  Probe  
  21  1:28  Zealot  
  21  1:30  Cybernetics Core  
  23  1:36  Gateway  
  23  1:37  Probe  
  24  1:45  Pylon  
  24  1:49  Probe  
  25  1:55  Zealot  
  25  1:58  Probe  
  27  2:06  Probe  
  29  2:22  Adept  
  31  2:23  Adept  
  31  2:24  Gateway  
  33  2:32  Gateway  
  33  2:45  Adept  
  33  2:49  Pylon  
  33  2:50  Adept  
  38  2:51  Probe  
  36  3:06  Stalker  
  34  3:17  Zealot  
  33  3:29  Pylon  
Tags
 
League
Diamond
Matchup
PvZ
Opening
Pool Only
Spawn Locations
Cross Positions
Add a new tag
Caveats
  • Supply blocks, unpowered buildings, or Contaminate may cause inaccurate times.
  • Supply counts are checked every 10 seconds.